 Dungeon Crawl Stone Soup version 0.28-a0-48-gfd831c5874 (webtiles) character file.

Game seed: 12453761055778384642

11 flotson the Sneak (level 2, 0/19 (24) HPs)
             Began as a Demonspawn Delver on July 30, 2021.
             Slain by a wight (3 damage)
             ... on level 3 of the Dungeon.
             The game lasted 00:01:04 (104 turns).

flotson the Sneak (Demonspawn Delver)                Turns: 104, Time: 00:01:05

HP:   0/19 (24)     AC:  3    Str: 12    XL:     2   Next: 17%
MP:   2/2           EV: 12    Int: 11    God:
Gold: 12            SH:  0    Dex: 14    Spells: 1/1 levels left

rFire   . . .      SeeInvis .   a - +0 hand axe
rCold   . . .      Faith    .   (no shield)
rNeg    . . .      Spirit   .   b - +0 leather armour
rPois   .          Reflect  .   (no helmet)
rElec   .          Harm     .   (no cloak)
rCorr   .          Rampage  .   (no gloves)
Will    .....                   (no boots)
Stlth   ++........              (no amulet)
HPRegen 0.06/turn               (no ring)
MPRegen 0.08/turn               (no ring)

@: heavily drained
A: ignite blood 1
a: no special abilities


You were on level 3 of the Dungeon.
You visited 1 branch of the dungeon, and saw 3 of its levels.

You collected 12 gold pieces.

Inventory:

Hand Weapons
 a - a +0 hand axe (weapon)
Armour
 b - a +0 leather armour (worn)
Wands
 g - a wand of digging (3)
Scrolls
 c - a scroll of fog


   Skills:
 + Level 3.1 Fighting
 + Level 2.0 Axes
 + Level 0.5 Armour
 + Level 2.0 Dodging
 - Level 4.5 Stealth


You had one spell level left.
You didn't know any spells.
Your spell library was empty.

Dungeon Overview and Level Annotations

Branches:
Dungeon (5/15)
 Temple: D:4-7

Altars:


Innate Abilities, Weirdness & Mutations

Your demonic aura sometimes causes spilled blood to erupt in flames.


Message History

No target in view!
No target in view!
A wight is nearby!
A wight comes into view. It is wielding a +6 trident.
As you read the scroll of magic mapping, it crumbles to dust.
You feel aware of your surroundings.
A bullfrog skeleton comes into view.
The wight hits you with a +3 short sword!
You feel drained.
The bullfrog skeleton barely misses you.
The bullfrog skeleton hits you but does no damage.
A wight comes into view. It is wielding a +3 flail.
The bullfrog skeleton closely misses you.
You aren't carrying any potions.
The wight hits you with a +3 flail.
Found a short sword.
Found a gold piece.
Unknown command.
A necrophage comes into view.
The necrophage barely misses you.
An ogre comes into view. It is wielding a +0 giant club.
The ogre shouts!
Found a stone staircase leading up.
Found 18 gold pieces and a scroll labelled NYFISIE IVOA.
As you read the scroll of fear, it crumbles to dust.
You assume a fearsome visage.
The bullfrog skeleton is unaffected.
The wight is unaffected. x3; The ogre looks frightened!
The necrophage is unaffected.
The necrophage hits you.
You feel drained. The necrophage hits you.
You feel drained.
There is a stone staircase leading up here.
The necrophage misses you.
The wight hits you with a +3 short sword.
* * * LOW HITPOINT WARNING * * *
You feel drained.
* * * LOW HITPOINT WARNING * * *
You climb upwards.
Found a hand axe and a hunting sling.
There is a stone staircase leading down here.
The wight hits you with a +3 short sword.
You die...

####### ###
....... #..
..)..
####.###....
#.........#
#.......).#####
#...>.z@.......
#.....n...##...
#.........#
#.........#
#......####
#......#
####.### #.# #.


You could see a necrophage and a wight.

Vanquished Creatures
  An adder (D:4)
  A ball python (D:4)
  An endoplasm (D:4)
3 creatures vanquished.

Notes
Turn   | Place    | Note
-------+----------+-------------------------------------------
     0 | D:5      | flotson the Demonspawn Delver began the quest for the Orb.
     0 | D:5      | Reached XP level 1. HP: 18/18 MP: 1/1
    32 | D:4      | Gained mutation: Your demonic aura sometimes causes spilled
                  | blood to erupt in flames. [demonic ancestry]
    32 | D:4      | Reached XP level 2. HP: 22/24 MP: 2/2
    72 | D:4      | Noticed a wight
    75 | D:4      | Noticed a wight
    81 | D:4      | Noticed a wight
    87 | D:4      | Noticed a necrophage
    91 | D:4      | Noticed an ogre
   104 | D:3      | Slain by a wight

Illustrated notes

Levels and vault maps discovered:
D:3:      layout_basic, uniq_terence, uniq_ijyb
D:4:      layout_rooms, uniq_pikel, uniq_grinder
D:5:      layout_loops_ring, enter_ossuary_2, minmay_diced_spiral

Skill      XL: |  1 |
---------------+----+-----
Axes           | 2 |  2.0
Dodging        | 2 |  2.0
Fighting       | |  3.1
Armour         | |  0.5
Stealth        | |  4.5

Action                   || total
-------------------------++-------
Melee: Hand axe          ||    10
  Use: Potion            ||     1
       Scroll            ||     2
 Stab: Sleeping          ||     1
Armor: Leather armour    ||     2
Dodge: Dodged            ||    10

Table legend: (Time is in decaauts)
 A = Elapsed time spent in this place.
 B = Non-inter-level travel time spent in this place.
 C = Inter-level travel time spent in this place.
 D = Time resting spent in this place.
 E = Time spent auto-exploring this place.
 F = Levels seen in this place.
 G = Mean time per level.
                   A        B        C        D        E       F      G
               +--------+--------+--------+--------+--------+-----+--------+
         Total |     89 |     89 |      0 |      0 |     30 |   3 |   29.7 |
       Dungeon |     89 |     89 |      0 |      0 |     30 |   3 |   29.7 |
               +--------+--------+--------+--------+--------+-----+--------+

Top non-repeatable levels by time:
     D:4: 70 daAuts
     D:5: 16 daAuts
     D:3: 2 daAuts
